BSA
NEW ORLEANS LOOTERS @ BEECH MOUNTAIN MOUNTAINEERS
09/30/2027
 
TOP OF THE 1ST
New Orleans Looters batting - Pitching for Hendersonville Hitmen : RHP Yong-hoon Park
Pitching: RHP Yong-hoon Park
Batting: RHB Stephen Shaw 0-0: Ball
1-0: DOUBLE (Flyball, 78XD)
Batting: SHB Arturo Sánchez 0-0: Foul Ball, location: 2F
0-1: Ball
1-1: Swinging Strike
1-2: Ball
2-2: Strikes out swinging
Batting: LHB Seung-chun Mun 0-0: Called Strike
0-1: Called Strike
0-2: Ball
1-2: Ball
2-2: Ground out 4-3 (Groundball, 34D)
Stephen Shaw to third
Batting: SHB Nate Rhodes 0-0: Foul Ball, location: 2F
0-1: Ball
1-1: Ball
2-1: Ground out 5-3 (Groundball, 56S)
Top of the 1st over - 0 run(s), 1 hit(s), 0 error(s), 1 left on base; New Orleans 0 - Hendersonville 0
BOTTOM OF THE 1ST
Hendersonville Hitmen batting - Pitching for New Orleans Looters : RHP Edward Baker
Pitching: RHP Edward Baker
Batting: RHB Lonson Seals 0-0: Called Strike
0-1: Ball
1-1: Called Strike
1-2: Strikes out swinging
Batting: LHB Lorenzo Quintanilla 0-0: Swinging Strike
0-1: Fly out, F9 (Flyball, 9S)
Batting: SHB Tony López 0-0: Ball
1-0: SINGLE (Line Drive, 7LS)
Batting: LHB Tony Abete 0-0: Called Strike
0-1: Called Strike
0-2: Ball
1-2: Ground out 4-3 (Groundball, 34)
Bottom of the 1st over - 0 run(s), 1 hit(s), 0 error(s), 1 left on base; New Orleans 0 - Hendersonville 0
TOP OF THE 2ND
New Orleans Looters batting - Pitching for Hendersonville Hitmen : RHP Yong-hoon Park
Batting: LHB Miguel Colón 0-0: Ball
1-0: Called Strike
1-1: Called Strike
1-2: Ball
2-2: Strikes out looking
Batting: RHB Francisco Ibarra 0-0: Ground out 5-3 (Groundball, 56S)
Batting: LHB Taylor Smith 0-0: SINGLE (Line Drive, 56D)
Batting: RHB Dave O'Loan 0-0: Ball
1-0: Ball
2-0: Ball
3-0: Fly out, F9 (Line Drive, 89S)
Top of the 2nd over - 0 run(s), 1 hit(s), 0 error(s), 1 left on base; New Orleans 0 - Hendersonville 0
BOTTOM OF THE 2ND
Hendersonville Hitmen batting - Pitching for New Orleans Looters : RHP Edward Baker
Batting: SHB David Johnstone 0-0: Ball
1-0: Fly out, F8 (Flyball, 8LD)
Batting: LHB Tommy Payne 0-0: Ground out 3-1 (Groundball, 34S)
Batting: SHB Rick Turner 0-0: Ball
1-0: Ball
2-0: Called Strike
2-1: Fly out, F5 (Popup, 5)
Bottom of the 2nd over - 0 run(s), 0 hit(s), 0 error(s), 0 left on base; New Orleans 0 - Hendersonville 0
TOP OF THE 3RD
New Orleans Looters batting - Pitching for Hendersonville Hitmen : RHP Yong-hoon Park
Batting: RHB John Anderson 0-0: Ball
1-0: Ball
2-0: Called Strike
2-1: Foul Ball, location: 2F
2-2: Strikes out swinging
Batting: RHB Stephen Shaw 0-0: Ball
1-0: Foul Ball, location: 2F
1-1: Called Strike
1-2: Fly out, F8 (Flyball, 8LD)
Batting: SHB Arturo Sánchez 0-0: SOLO HOME RUN (Flyball, 7LD), Distance : 371 ft
Batting: LHB Seung-chun Mun 0-0: Called Strike
0-1: Ball
1-1: Fly out, F5 (Popup, 5D)
Top of the 3rd over - 1 run(s), 1 hit(s), 0 error(s), 0 left on base; New Orleans 1 - Hendersonville 0
BOTTOM OF THE 3RD
Hendersonville Hitmen batting - Pitching for New Orleans Looters : RHP Edward Baker
Batting: RHB Sugita Ito 0-0: Ball
1-0: Called Strike
1-1: Swinging Strike
1-2: Ball
2-2: Foul Ball, location: 2F
2-2: Ball
3-2: Foul Ball, location: 2F
3-2: SINGLE (Groundball, 56D)
Batting: RHB Robert Bly Pickoff Throw to First - Out!
0-0: SOLO HOME RUN (Flyball, 7LD), Distance : 359 ft
Batting: RHB Lonson Seals 0-0: Called Strike
0-1: Ball
1-1: Called Strike
1-2: Ball
2-2: Fly out, F8 (Line Drive, 89M)
Batting: LHB Lorenzo Quintanilla 0-0: Called Strike
0-1: Ball
1-1: Ball
2-1: Called Strike
2-2: Strikes out swinging
Bottom of the 3rd over - 1 run(s), 2 hit(s), 0 error(s), 0 left on base; New Orleans 1 - Hendersonville 1
TOP OF THE 4TH
New Orleans Looters batting - Pitching for Hendersonville Hitmen : RHP Yong-hoon Park
Batting: SHB Nate Rhodes 0-0: Ball
1-0: Fly out, F7 (Flyball, 78S)
Batting: LHB Miguel Colón 0-0: Ball
1-0: Reached on error, E4 (Groundball, 4)
Batting: RHB Francisco Ibarra 0-0: Fly out, F9 (Flyball, 9LM)
Runner from 2nd tags up, SAFE at 3rd with throw
Batting: LHB Taylor Smith 0-0: Fly out, F9 (Flyball, 89M)
Top of the 4th over - 0 run(s), 0 hit(s), 1 error(s), 1 left on base; New Orleans 1 - Hendersonville 1
BOTTOM OF THE 4TH
Hendersonville Hitmen batting - Pitching for New Orleans Looters : RHP Edward Baker
Batting: SHB Tony López 0-0: SINGLE (Groundball, 34S) (infield hit)
Batting: LHB Tony Abete 0-0: Ball
1-0: DOUBLE (Flyball, 7LM)
Tony López to third
Batting: SHB David Johnstone 0-0: Called Strike
0-1: Ball
1-1: Foul Ball, location: 2F
1-2: Ball
2-2: Fly out, F7 (Flyball, 7LS)
Batting: LHB Tommy Payne 0-0: Ball
1-0: Called Strike
1-1: Called Strike
1-2: Ball
2-2: Strikes out swinging
Batting: SHB Rick Turner 0-0: Called Strike
0-1: Foul Ball, location: 2F
0-2: Strikes out swinging
Bottom of the 4th over - 0 run(s), 2 hit(s), 0 error(s), 2 left on base; New Orleans 1 - Hendersonville 1
TOP OF THE 5TH
New Orleans Looters batting - Pitching for Hendersonville Hitmen : RHP Yong-hoon Park
Batting: RHB Dave O'Loan 0-0: Ball
1-0: Ball
2-0: Ball
3-0: Called Strike
3-1: Ground out 6-3 (Groundball, 6)
Batting: RHB John Anderson 0-0: Ground out 1-3 (Groundball, 15)
Batting: RHB Stephen Shaw 0-0: Fly out, F6 (Popup, 56D)
Top of the 5th over - 0 run(s), 0 hit(s), 0 error(s), 0 left on base; New Orleans 1 - Hendersonville 1
BOTTOM OF THE 5TH
Hendersonville Hitmen batting - Pitching for New Orleans Looters : RHP Edward Baker
Batting: RHB Sugita Ito 0-0: Ball
1-0: Foul Ball, location: 2F
1-1: Foul Ball, location: 2F
1-2: Foul Ball, location: 2F
1-2: Strikes out swinging
Batting: RHB Robert Bly 0-0: Ball
1-0: Swinging Strike
1-1: Called Strike
1-2: Ball
2-2: Foul Ball, location: 2F
2-2: Fly out, F8 (Flyball, 78M)
Batting: RHB Lonson Seals 0-0: Ball
1-0: Ball
2-0: Foul Ball, location: 2F
2-1: Ball
3-1: Foul Ball, location: 2F
3-2: Foul Ball, location: 2F
3-2: Fly out, F6 (Popup, 6D)
Bottom of the 5th over - 0 run(s), 0 hit(s), 0 error(s), 0 left on base; New Orleans 1 - Hendersonville 1
TOP OF THE 6TH
New Orleans Looters batting - Pitching for Hendersonville Hitmen : RHP Yong-hoon Park
Batting: SHB Arturo Sánchez 0-0: Ball
1-0: Ball
2-0: Foul Ball, location: 2F
2-1: Ball
3-1: Foul Ball, location: 2F
3-2: Fly out, F8 (Line Drive, 8LM)
Batting: LHB Seung-chun Mun 0-0: Foul Ball, location: 2F
0-1: Ball
1-1: SINGLE (Line Drive, 89S)
Batting: SHB Nate Rhodes 0-0: Ball
1-0: Fly out, F8 (Flyball, 78S)
Batting: LHB Miguel Colón 0-0: Ball
1-0: Foul Ball, location: 2F
1-1: Foul Ball, location: 2F
1-2: Strikes out looking
Top of the 6th over - 0 run(s), 1 hit(s), 0 error(s), 1 left on base; New Orleans 1 - Hendersonville 1
BOTTOM OF THE 6TH
Hendersonville Hitmen batting - Pitching for New Orleans Looters : RHP Edward Baker
Batting: LHB Lorenzo Quintanilla 0-0: Ball
1-0: Ball
2-0: Fly out, F9 (Flyball, 9S)
Batting: SHB Tony López 0-0: Called Strike
0-1: Ball
1-1: Ground out 4-3 (Groundball, 4)
Batting: LHB Tony Abete 0-0: Called Strike
0-1: Ball
1-1: Ball
2-1: Ball
3-1: Foul Ball, location: 2F
3-2: Ground out 4-3 (Groundball, 4)
Bottom of the 6th over - 0 run(s), 0 hit(s), 0 error(s), 0 left on base; New Orleans 1 - Hendersonville 1
TOP OF THE 7TH
New Orleans Looters batting - Pitching for Hendersonville Hitmen : RHP Yong-hoon Park
Batting: RHB Francisco Ibarra 0-0: Swinging Strike
0-1: SINGLE (Groundball, 6MD)
Batting: LHB Taylor Smith 0-0: Ball
1-0: Fly out, F8 (Flyball, 78S)
Pitching: RHP Juan Nieto
Batting: RHB Dave O'Loan 0-0: Called Strike
0-1: Foul Ball, location: 2F
0-2: Strikes out swinging
Francisco Ibarra steals 2nd base
Batter strikes out.
Batting: RHB John Anderson 0-0: Foul Ball, location: 2F
0-1: Foul Ball, location: 2F
0-2: Strikes out swinging
Top of the 7th over - 0 run(s), 1 hit(s), 0 error(s), 1 left on base; New Orleans 1 - Hendersonville 1
BOTTOM OF THE 7TH
Hendersonville Hitmen batting - Pitching for New Orleans Looters : RHP Edward Baker
Batting: SHB David Johnstone 0-0: Ground out 3-1 (Groundball, 34)
Batting: LHB Tommy Payne 0-0: Ground out 1-3 (Groundball, P)
Batting: SHB Rick Turner 0-0: Ball
1-0: Called Strike
1-1: Ball
2-1: SOLO HOME RUN (Flyball, 9D), Distance : 388 ft
Batting: RHB Sugita Ito 0-0: Ball
1-0: Ball
2-0: Fly out, F8 (Flyball, 8RM)
Bottom of the 7th over - 1 run(s), 1 hit(s), 0 error(s), 0 left on base; New Orleans 1 - Hendersonville 2
TOP OF THE 8TH
New Orleans Looters batting - Pitching for Hendersonville Hitmen : RHP Juan Nieto
Pitching: RHP Matthew Scott
Now at 1B: Mal Snyder
Batting: RHB Stephen Shaw 0-0: Swinging Strike
0-1: Called Strike
0-2: Ball
1-2: Ball
2-2: Ball
3-2: Foul Ball, location: 2F
3-2: DOUBLE (Flyball, 78XD)
Batting: SHB Arturo Sánchez 0-0: Ball
1-0: Ball
2-0: Called Strike
2-1: Foul Ball, location: 2F
2-2: Foul Ball, location: 2F
2-2: Ground out 6-3 (Groundball, 6)
Batting: LHB Seung-chun Mun 0-0: Ball
1-0: Foul Ball, location: 2F
1-1: Swinging Strike
1-2: Foul Ball, location: 2F
1-2: Ball
2-2: Ball
3-2: Foul Ball, location: 2F
3-2: SINGLE (Line Drive, 34)
Stephen Shaw to third
Runner from 3rd tries for Home, SAFE, throw made home
Seung-chun Mun to second
Batting: SHB Nate Rhodes 0-0: Ball
1-0: Ball
2-0: Foul Ball, location: 2F
2-1: Swinging Strike
2-2: Foul Ball, location: 2F
2-2: Foul Ball, location: 2F
2-2: Foul Ball, location: 2F
2-2: Fly out, F2 (Popup, 23)
Batting: LHB Miguel Colón 0-0: Ball
1-0: Ball
2-0: Called Strike
2-1: Foul Ball, location: 2F
2-2: Ball
3-2: Base on Balls
Batting: RHB Francisco Ibarra 0-0: DOUBLE (Flyball, 9LM)
Seung-chun Mun scores
Miguel Colón to third
Pitching: RHP Junior Mateo
Batting: LHB Taylor Smith 0-0: Called Strike
0-1: Ball
1-1: Ground out 4-3 (Groundball, 4D)
Top of the 8th over - 2 run(s), 3 hit(s), 0 error(s), 2 left on base; New Orleans 3 - Hendersonville 2
BOTTOM OF THE 8TH
Hendersonville Hitmen batting - Pitching for New Orleans Looters : RHP Edward Baker
Pitching: RHP Ienobu Sato
Batting: RHB Robert Bly 0-0: Called Strike
0-1: Ground out 1-3 (Groundball, 13S)
Batting: RHB Lonson Seals 0-0: Ball
1-0: Foul Ball, location: 2F
1-1: Swinging Strike
1-2: Ball
2-2: Foul Ball, location: 2F
2-2: Ball
3-2: Strikes out swinging
Pitching: LHP Tadao Yoshida
Batting: LHB Lorenzo Quintanilla 0-0: SINGLE (Groundball, 56D)
Batting: SHB Tony López 0-0: Swinging Strike
0-1: Ball
1-1: Ball
2-1: Ball
3-1: Swinging Strike
3-2: Strikes out swinging
Bottom of the 8th over - 0 run(s), 1 hit(s), 0 error(s), 1 left on base; New Orleans 3 - Hendersonville 2
TOP OF THE 9TH
New Orleans Looters batting - Pitching for Hendersonville Hitmen : RHP Junior Mateo
Pitching: RHP Bill Lowe
Batting: RHB Dave O'Loan 0-0: Ball
1-0: Called Strike
1-1: Ball
2-1: Foul Ball, location: 2F
2-2: SINGLE (Line Drive, 8RS)
Pinch Hitting: LHB Francisco Vega 0-0: Called Strike
0-1: Ball
1-1: Ball
2-1: Ball
3-1: Foul Ball, location: 2F
3-2: 2-RUN HOME RUN (Flyball, 8RXD), Distance : 456 ft
Pitching: RHP Rafael López
Batting: RHB Stephen Shaw 0-0: Called Strike
0-1: Foul Ball, location: 2F
0-2: Ball
1-2: Strikes out swinging
Batting: SHB Arturo Sánchez 0-0: Ball
1-0: TRIPLE (Flyball, 8LXD)
Batting: LHB Seung-chun Mun 0-0: Intentional Walk
Batting: SHB Nate Rhodes 0-0: Ball
1-0: Ball
2-0: Called Strike
2-1: Foul Ball, location: 2F
2-2: Ball
3-2: Foul Ball, location: 2F
3-2: Base on Balls
Seung-chun Mun to second
Batting: LHB Miguel Colón 0-0: Ball
1-0: Ball
2-0: SINGLE (Flyball, 89S)
Arturo Sánchez scores
Seung-chun Mun to third
Nate Rhodes to second
Runner from 3rd tries for Home, SAFE, no throw
Pitching: RHP Eduardo Delgado
Batting: RHB Francisco Ibarra 0-0: Foul Ball, location: 2F
0-1: Ball
1-1: Foul Ball, location: 2F
1-2: Strikes out swinging
Batting: LHB Taylor Smith 0-0: Ball
1-0: Called Strike
1-1: Ground out 3-1 (Groundball, 34)
Top of the 9th over - 4 run(s), 4 hit(s), 0 error(s), 2 left on base; New Orleans 7 - Hendersonville 2
BOTTOM OF THE 9TH
Hendersonville Hitmen batting - Pitching for New Orleans Looters : LHP Tadao Yoshida
Pitching: LHP Juan Méndez
Now at C: Ángel Castaneda
Batting: LHB Tony Abete 0-0: Foul Ball, location: 2F
0-1: Foul Ball, location: 2F
0-2: Strikes out swinging
Batting: SHB David Johnstone 0-0: Ball
1-0: Ball
2-0: Called Strike
2-1: Ground out U3 (Groundball, 3S)
Batting: LHB Tommy Payne 0-0: Ball
1-0: Ball
2-0: Called Strike
2-1: Foul Ball, location: 2F
2-2: Ground out 4-3 (Groundball, 4)
Bottom of the 9th over - 0 run(s), 0 hit(s), 0 error(s), 0 left on base; New Orleans 7 - Hendersonville 2
Thursday, March 30th, 2017 - OOTP Baseball 17.12 Build 75